Map: King's Cove LE

Players

LOADING

  • Race: Terran Terran
  • League: Diamond
  • Spawn Location: 5:00

Ragnarokette - Winner!

  • Race: Zerg Zerg
  • League: Diamond
  • Spawn Location: 11:00

VOD

Have the link to the VOD?

Description

Time

  • Played on: March 2, 2019, 5:59 p.m.
  • Length: 13:57
Show
View Real Time Build Order
Export as new Build Order

LOADING Terran 

Build Orders: Command Center First (CC), Mech 

Get SALT Encoding   

  12  0:01  SCV  
  13  0:14  Supply Depot  
  13  0:18  SCV  
  14  0:30  SCV  
  16  0:42  SCV  
  16  0:55  SCV  
  17  1:06  Command Center  
  17  1:10  SCV  
  18  1:23  Barracks  
  18  1:25  SCV  
  19  1:37  Refinery, SCV  
  20  1:43  Refinery  
  20  1:49  SCV  
  21  1:59  Supply Depot  
  21  2:01  SCV  
  22  2:15  Bunker, Marine  
  23  2:20  Orbital Command  
  23  2:25  SCV  
  24  2:37  SCV  
  25  2:46  Factory  
  25  2:49  Orbital Command  
  25  2:52  SCV  
  25  2:57  Marine  
  27  3:09  SCV, Factory  
  28  3:17  SCV  
  29  3:21  SCV  
  30  3:30  SCV, Factory Tech Lab  
  30  3:33  SCV, Factory  
  32  3:42  SCV  
  32  3:45  SCV  
  34  3:53  Armory  
  34  3:54  SCV  
  34  3:57  SCV  
  34  3:58  Factory Reactor  
  34  4:00  Hellion  
  37  4:05  Refinery  
  37  4:06  SCV  
  37  4:09  SCV  
  39  4:18  SCV, Factory Reactor  
  39  4:21  Supply Depot, SCV  
  39  4:22  Hellion  
  43  4:30  SCV  
  44  4:33  SCV  
  45  4:42  Supply Depot, SCV  
  45  4:43  Hellion x3  
  45  4:44  Supply Depot  
  45  4:45  Supply Depot, SCV  
  52  4:49  Infernal Pre-Igniter  
  53  4:54  SCV  
  54  5:03  SCV  
  54  5:05  Supply Depot, Hellion  
  54  5:06  SCV  
  58  5:09  Hellion  
  58  5:11  Terran Vehicle Weapons Level 1  
  59  5:15  Supply Depot, SCV  
  59  5:18  SCV  
  63  5:28  SCV  
  62  5:30  Refinery, SCV  
  62  5:34  Factory  
  62  5:35  Factory Tech Lab, Factory  
  63  5:40  Hellion, SCV  
  66  5:43  Hellion x2, SCV  
  67  5:52  SCV  
  67  5:55  SCV  
  59  6:07  Siege Tank  
  59  6:08  Siege Tank  
  65  6:11  Widow Mine  
  65  6:12  Widow Mine  
  65  6:13  SCV  
  65  6:14  SCV, Factory  
  69  6:25  SCV  
  69  6:26  SCV  
  69  6:29  Factory Tech Lab x2  
  69  6:32  Factory  
  71  6:38  Command Center  
  71  6:39  SCV x2  
  73  6:53  SCV x2  
  75  6:56  Armory  
  75  7:00  Factory Tech Lab  
  75  7:04  Hellion  
  75  7:06  Terran Vehicle And Ship Armor Level 1  
  69  7:19  Siege Tank  
  69  7:21  Command Center  
  69  7:22  Hellion x3  
  78  7:26  Hellion  
  78  7:27  Hellion x2  
  78  7:29  SCV  
  86  7:30  SCV  
  86  7:31  Supply Depot  
  86  7:35  Command Center  
  86  7:44  Hellion  
  88  7:45  Factory Tech Lab  
  88  7:47  Hellion  
  88  7:48  Hellion  
  94  7:51  Hellion  
  94  7:52  Siege Tank x2  
  94  7:53  Supply Depot  
  100  8:05  Hellion  
  102  8:14  SCV x2  
  102  8:15  Supply Depot  
  104  8:20  Siege Tank  
  104  8:21  Siege Tank  
  104  8:26  Terran Vehicle Weapons Level 2  
  110  8:29  Supply Depot  
  110  8:33  SCV x2, Hellbat  
  114  8:45  SCV  
  115  8:57  SCV  
  115  8:59  Supply Depot  
  115  9:02  Thor  
  122  9:05  Hellion x3, Siege Tank  
  122  9:06  Hellion x2  
  122  9:09  SCV  
  136  9:10  Supply Depot  
  112  9:21  SCV  
  106  9:29  Terran Vehicle And Ship Armor Level 2  
  110  9:31  Hellion x3  
  110  9:32  Hellion, Siege Tank  
  110  9:33  SCV  
  114  9:51  SCV  
  115  9:54  Siege Tank x2  
  125  10:03  SCV  
  100  10:20  Siege Tank x2  
  100  10:21  Hellion  
  95  10:26  Hellion x2  
  94  10:30  SCV  
  95  10:42  Hellion, SCV  
  98  10:47  Hellion x2  
  102  10:51  Siege Tank  
  102  10:52  Hellion, Siege Tank  
  102  10:54  SCV  
  102  10:56  Refinery  
  111  10:57  Refinery  
  111  11:03  Hellion  
  113  11:05  Terran Vehicle Weapons Level 3  
  113  11:06  SCV  
  113  11:07  SCV  
  113  11:09  Hellion  
  117  11:18  Siege Tank  
  120  11:21  Hellion  
  120  11:23  Hellion  
  125  11:27  SCV x2  
  125  11:30  SCV  
  125  11:32  Hellion, Siege Tank  
  126  11:42  SCV  
  127  11:48  Hellion, Siege Tank  
  127  11:51  Siege Tank  
  127  11:54  Hellion, SCV  
  138  12:04  Hellion  
  138  12:08  Siege Tank  
  138  12:10  Hellion  
  138  12:15  Hellion  
  107  12:23  Siege Tank  
  107  12:26  Hellion  
  98  12:31  Siege Tank  
  98  12:36  Hellion  
  101  12:41  Hellion  
  101  12:43  SCV  
  102  12:47  Siege Tank  
  102  12:49  Siege Tank  
  108  12:55  Hellion  
  108  12:56  Command Center  
  108  12:58  Siege Tank  
  113  13:02  Refinery, Hellion  
  113  13:03  Hellion  
  113  13:05  SCV  
  118  13:06  Refinery  
  118  13:08  Barracks  
Show
View Real Time Build Order
Export as new Build Order

Ragnarokette Zerg - Winner!

Build Orders: Hatch First, Roach Hydra 

Get SALT Encoding   

  12  0:01  Drone  
  13  0:12  Overlord  
  13  0:19  Drone  
  14  0:31  Drone x2  
  16  0:53  Hatchery  
  16  0:55  Drone  
  16  0:59  Drone  
  16  1:02  Drone  
  18  1:13  Extractor  
  17  1:19  Spawning Pool  
  17  1:22  Drone  
  17  1:27  Drone  
  17  1:29  Drone  
  19  1:41  Drone  
  20  1:50  Overlord  
  20  2:05  Queen x2  
  20  2:07  Zergling x4  
  26  2:14  Metabolic Boost  
  26  2:17  Drone  
  26  2:20  Drone  
  28  2:24  Drone  
  29  2:34  Drone  
  30  2:39  Overlord  
  30  2:53  Hatchery, Drone x2  
  30  2:56  Drone  
  32  3:02  Drone x2  
  34  3:06  Drone  
  34  3:12  Drone  
  36  3:15  Drone x2  
  36  3:16  Overlord  
  38  3:22  Drone x3  
  38  3:23  Drone  
  42  3:30  Queen  
  44  3:39  Roach Warren  
  43  3:41  Overlord  
  43  3:42  Drone  
  43  3:45  Extractor  
  43  3:46  Extractor  
  42  3:55  Evolution Chamber  
  42  3:59  Lair, Overlord  
  42  4:01  Drone x3  
  42  4:02  Drone  
  45  4:07  Queen  
  47  4:25  Roach  
  49  4:36  Overlord  
  49  4:37  Roach x2  
  49  4:38  Drone x8  
  59  4:39  Drone x2  
  63  4:51  Drone x3  
  65  4:55  Drone  
  66  5:01  Spore Crawler  
  66  5:04  Drone x6  
  71  5:07  Overlord  
  71  5:10  Glial Reconstitution  
  71  5:11  Spore Crawler  
  70  5:15  Zerg Missile Weapons Level 1  
  70  5:16  Spore Crawler  
  69  5:23  Drone  
  69  5:26  Overlord  
  70  5:29  Roach  
  70  5:30  Roach x4  
  80  5:39  Hydralisk Den  
  80  5:41  Drone x2  
  81  5:48  Roach x4  
  88  5:53  Queen  
  88  5:54  Roach  
  88  5:55  Roach  
  89  6:09  Overlord, Drone  
  90  6:12  Muscular Augments  
  90  6:14  Extractor  
  90  6:16  Extractor  
  89  6:18  Drone x2  
  89  6:19  Overlord  
  90  6:28  Overseer  
  90  6:32  Drone x8  
  98  6:43  Drone x2  
  98  6:44  Drone x6  
  98  6:45  Hatchery  
  105  6:56  Overlord x2  
  105  7:15  Hydralisk x3  
  105  7:16  Hydralisk x5  
  105  7:17  Overlord  
  121  7:29  Burrow  
  121  7:30  Overlord x2  
  121  7:55  Grooved Spines, Hydralisk  
  121  7:56  Hydralisk x12  
  147  8:09  Overlord  
  147  8:10  Overlord x3  
  147  8:12  Extractor  
  147  8:14  Extractor  
  147  8:15  Extractor  
  147  8:16  Infestation Pit  
  143  8:22  Roach x2  
  143  8:23  Roach x2, Overlord  
  143  8:24  Overlord x4  
  143  8:25  Overlord x2  
  151  8:34  Hydralisk x4  
  151  8:37  Zerg Missile Weapons Level 2  
  159  8:42  Overlord, Evolution Chamber  
  158  8:53  Hive  
  159  8:55  Drone x2  
  159  8:56  Drone x5  
  165  9:05  Hydralisk x7  
  171  9:14  Hydralisk x3  
  171  9:15  Roach x2  
  161  9:19  Hydralisk  
  161  9:20  Hydralisk  
  161  9:22  Drone  
  162  9:25  Queen  
  162  9:29  Zerg Ground Armor Level 1  
  164  9:33  Hydralisk  
  164  9:38  Roach x5  
  176  9:39  Roach  
  176  9:43  Drone x3  
  176  9:44  Drone x2  
  183  9:47  Drone  
  183  9:48  Drone  
  185  10:03  Queen x2  
  157  10:17  Roach x2  
  157  10:18  Roach x12  
  151  10:26  Roach  
  151  10:27  Roach x2  
  149  10:30  Viper x2  
  149  10:35  Evolution Chamber  
  154  10:36  Evolution Chamber  
  154  10:38  Roach x2  
  157  10:55  Hydralisk  
  157  10:56  Hydralisk x14  
  187  11:12  Viper  
  187  11:13  Viper  
  187  11:15  Overlord  
  187  11:16  Drone  
  187  11:17  Drone x4  
  196  11:47  Hatchery  
  195  12:00  Hydralisk  
  195  12:01  Hydralisk  
  189  12:14  Hydralisk  
  189  12:15  Roach x4, Hydralisk x15  
  175  12:25  Roach  
  175  12:26  Roach x6  
  177  12:36  Roach x2  
  177  12:37  Roach  
  173  12:45  Roach  
  173  12:46  Roach x3  
  181  12:51  Roach  
  181  12:52  Roach x2  
  187  13:07  Roach x6  
Tags
 
Add a new tag
Caveats
  • Supply blocks, unpowered buildings, or Contaminate may cause inaccurate times.
  • Supply counts are checked every 10 seconds.